| TOP OF THE 1ST |
|
New York Mets batting - Pitching for Colorado Rockies : RHP Colin Lancey Jr.
|
|
Pitching: RHP Colin Lancey Jr.
|
|
|
Batting: LHB Kevin Bellman
|
0-0: Foul Ball, location: 2F 0-1: Ball 1-1: Foul Ball, location: 2F 1-2: Foul Ball, location: 2F 1-2: Fly out, F9 (Line Drive, 89M, EV 93.1 MPH)
|
|
Batting: RHB Finn Ross
|
0-0: Ball 1-0: Called Strike 1-1: Called Strike 1-2: SINGLE (Groundball, 25, EV 69.4 MPH) (infield hit)
|
|
Batting: SHB Sean Cook
|
0-0: Called Strike 0-1: Ball 1-1: Ball 2-1: Called Strike 2-2: Ball 3-2: SINGLE (Groundball, 13, EV 91.2 MPH) (infield hit) Finn Ross to second
|
|
Batting: SHB Nelle van den Berg
|
0-0: Ball 1-0: Ground out 4-3 (Groundball, 4S, EV 73.1 MPH) Finn Ross to third Sean Cook to second
|
|
Batting: RHB Josh Jones
|
0-0: Ball 1-0: Foul Ball, location: 2F 1-1: DOUBLE (Line Drive, 9LM, EV 103.1 MPH) Finn Ross scores Sean Cook scores
|
|
Batting: RHB Drtian Thaqi
|
0-0: Foul Ball, location: 2F 0-1: Ball 1-1: DOUBLE (Line Drive, 7LM, EV 103.8 MPH) Josh Jones scores
|
|
Batting: SHB Billy Encinias
|
0-0: Called Strike 0-1: Foul Ball, location: 2F 0-2: Foul Ball, location: 2F 0-2: DOUBLE (Flyball, 89XD, EV 115.6 MPH) Drtian Thaqi scores
|
|
Batting: RHB Antonio Aranda
|
0-0: Foul Ball, location: 2F 0-1: Ball 1-1: Swinging Strike 1-2: Foul Ball, location: 2F 1-2: Strikes out swinging
|
| Top of the 1st over - 4 runs, 5 hits, 0 errors, 1 left on base; New York 4 - Colorado 0 |
| BOTTOM OF THE 1ST |
|
Colorado Rockies batting - Pitching for New York Mets : RHP David Anzaldua
|
|
Pitching: RHP David Anzaldua
|
|
|
Batting: LHB Andy Bowman
|
0-0: Ball 1-0: Ball 2-0: Ball 3-0: Foul Ball, location: 2F 3-1: Foul Ball, location: 2F 3-2: Hit by Pitch
|
|
Batting: SHB Eddie Quinones
|
0-0: Ball 1-0: Ball Andy Bowman is caught stealing 2nd base 2-6 2-0: Foul Ball, location: 2F 2-1: Called Strike 2-2: Fly out, F3 (Line Drive, 3, EV 72.5 MPH)
|
|
Batting: SHB Jerry Luckwell
|
0-0: Ball 1-0: Ball 2-0: Ball 3-0: Base on Balls
|
|
Batting: LHB Shawn Morrison
|
0-0: Ball 1-0: Ball 2-0: Ground out U3 (Groundball, 3L, EV 83.8 MPH)
|
| Bottom of the 1st over - 0 runs, 0 hits, 0 errors, 1 left on base; New York 4 - Colorado 0 |
| TOP OF THE 2ND |
|
New York Mets batting - Pitching for Colorado Rockies : RHP Colin Lancey Jr.
|
|
Batting: SHB Jason Larson
|
0-0: Ball 1-0: Called Strike 1-1: Ball 2-1: Called Strike 2-2: Ball 3-2: SINGLE (Groundball, 56D, EV 105.6 MPH)
|
|
Batting: LHB Kevin Bellman
|
0-0: SINGLE (Groundball, 4MD, EV 106.2 MPH) Jason Larson to second Runner from 2nd tries for 3rd, SAFE, throw by CF made to third
|
|
Batting: RHB Finn Ross
|
0-0: Called Strike 0-1: Ball 1-1: Swinging Strike 1-2: Foul Ball, location: 2F 1-2: Ball 2-2: Foul Ball, location: 2F 2-2: Foul Ball, location: 2F 2-2: Ground out 6-3 (Groundball, P, EV 88.1 MPH) Jason Larson scores Kevin Bellman to second
|
|
Batting: SHB Sean Cook
|
0-0: Swinging Strike 0-1: Ball 1-1: Ball 2-1: Ball 3-1: Base on Balls
|
|
Batting: SHB Nelle van den Berg
|
0-0: Ball 1-0: SINGLE (Groundball, 4, EV 104.4 MPH) Kevin Bellman to third Sean Cook to second Runner from 3rd tries for Home, SAFE, throw by CF to home
|
|
Batting: RHB Josh Jones
|
0-0: Called Strike 0-1: Ball 1-1: Foul Ball, location: 2F 1-2: Ball 2-2: Foul Ball, location: 2F 2-2: Fielders Choice at 2nd, 3-6 (Groundball, 34, EV 98.8 MPH) Sean Cook to third
|
|
Batting: RHB Drtian Thaqi
|
0-0: Ball 1-0: Foul Ball, location: 2F 1-1: Called Strike 1-2: Foul Ball, location: 2F 1-2: Foul Ball, location: 2F 1-2: SINGLE (Line Drive, 8RS, EV 96.9 MPH) Sean Cook scores Josh Jones to second Runner from 2nd tries for 3rd, SAFE, throw by CF made to third
|
|
Batting: SHB Billy Encinias
|
0-0: Called Strike 0-1: Ground out 3-1 (Groundball, 13, EV 81.2 MPH)
|
| Top of the 2nd over - 3 runs, 4 hits, 0 errors, 2 left on base; New York 7 - Colorado 0 |
| BOTTOM OF THE 2ND |
|
Colorado Rockies batting - Pitching for New York Mets : RHP David Anzaldua
|
|
Batting: RHB Henry Alvizo
|
0-0: Foul Ball, location: 2F 0-1: Ball 1-1: Called Strike 1-2: Ball 2-2: Strikes out looking
|
|
Batting: LHB Freddy Troncoso
|
0-0: Ball 1-0: Ball 2-0: Ball 3-0: Base on Balls
|
|
Batting: LHB Bi-jun Chien
|
0-0: Foul Ball, location: 2F 0-1: Foul Ball, location: 2F 0-2: Strikes out swinging
|
|
Batting: LHB Kyle Schaible
|
0-0: Ball 1-0: Fly out, F8 (Flyball, 8LD, EV 90.6 MPH)
|
| Bottom of the 2nd over - 0 runs, 0 hits, 0 errors, 1 left on base; New York 7 - Colorado 0 |
| TOP OF THE 3RD |
|
New York Mets batting - Pitching for Colorado Rockies : RHP Colin Lancey Jr.
|
|
Pitching: RHP Iehohs Inatho
|
|
|
Batting: RHB Antonio Aranda
|
0-0: Ball 1-0: Called Strike 1-1: Foul Ball, location: 2F 1-2: Strikes out looking
|
|
Batting: SHB Jason Larson
|
0-0: Ball 1-0: Foul Ball, location: 2F 1-1: Foul Ball, location: 2F 1-2: Ball 2-2: Strikes out looking
|
|
Pinch Hitting: SHB Roberto Magne
|
0-0: Ball 1-0: Fly out, F8 (Flyball, 8RXD, EV 100.0 MPH)
|
| Top of the 3rd over - 0 runs, 0 hits, 0 errors, 0 left on base; New York 7 - Colorado 0 |
| BOTTOM OF THE 3RD |
|
Colorado Rockies batting - Pitching for New York Mets : RHP David Anzaldua
|
|
Now at 2B: Roberto Magne
|
|
|
Batting: SHB Andy Vivas
|
0-0: Called Strike 0-1: Ball 1-1: Foul Ball, location: 2F 1-2: Foul Ball, location: 2F 1-2: Ball 2-2: Ball 3-2: Base on Balls
|
|
Batting: LHB Andy Bowman
|
0-0: Ball 1-0: Ball 2-0: Foul Ball, location: 2F 2-1: Ball 3-1: Base on Balls Andy Vivas to second
|
|
Batting: SHB Eddie Quinones
|
0-0: Foul Ball, location: 2F 0-1: SINGLE (Line Drive, 8RS, EV 90.0 MPH) Andy Vivas to third Andy Bowman to second Runner from 3rd tries for Home, SAFE, throw by CF to home
|
|
Batting: SHB Jerry Luckwell
|
0-0: Ball 1-0: Ball 2-0: Ball 3-0: Called Strike 3-1: Called Strike 3-2: Base on Balls Andy Bowman to third Eddie Quinones to second
|
|
Batting: LHB Shawn Morrison
|
0-0: Fly out, F9 (Flyball, 9, EV 89.4 MPH)
|
|
Batting: RHB Henry Alvizo
|
0-0: Called Strike 0-1: Foul Ball, location: 2F 0-2: Ball 1-2: Ball 2-2: Strikes out swinging
|
|
Batting: LHB Freddy Troncoso
|
0-0: Ball 1-0: Ball 2-0: Called Strike 2-1: Foul Ball, location: 2F 2-2: Foul Ball, location: 2F 2-2: Ball 3-2: Base on Balls Andy Bowman scores Eddie Quinones to third Jerry Luckwell to second
|
|
Batting: LHB Bi-jun Chien
|
0-0: Ball 1-0: Ball 2-0: Ball 3-0: Called Strike 3-1: DOUBLE (Groundball, 5L, EV 108.1 MPH) Eddie Quinones scores Jerry Luckwell scores Freddy Troncoso to third Runner from 3rd tries for Home, SAFE, throw by LF to home
|
|
Pitching: RHP Marc Maniu
|
|
|
Batting: LHB Kyle Schaible
|
0-0: Called Strike 0-1: Foul Ball, location: 2F 0-2: Ball 1-2: Ground out 4-3 (Groundball, 4, EV 82.5 MPH)
|
| Bottom of the 3rd over - 5 runs, 2 hits, 0 errors, 1 left on base; New York 7 - Colorado 5 |
| TOP OF THE 4TH |
|
New York Mets batting - Pitching for Colorado Rockies : RHP Iehohs Inatho
|
|
Pitching: RHP Mitch Guerrero
|
|
|
Pinch Hitting: LHB Chris Ringwood
|
0-0: Ball 1-0: Called Strike 1-1: Ball 2-1: Ball 3-1: Swinging Strike 3-2: SINGLE (Line Drive, 89M, EV 95.0 MPH)
|
|
Batting: SHB Sean Cook
|
0-0: Foul Ball, location: 2F 0-1: Ball 1-1: Called Strike 1-2: Foul Ball, location: 2F 1-2: Foul Ball, location: 2F 1-2: Ball 2-2: Ball 3-2: SINGLE (Groundball, 4MD, EV 103.1 MPH) Chris Ringwood to second Chris Ringwood to third
|
|
Batting: SHB Nelle van den Berg
|
0-0: Called Strike 0-1: Ball 1-1: Ball Sean Cook steals 2nd base 2-1: Swinging Strike 2-2: Foul Ball, location: 2F 2-2: Ball 3-2: SINGLE (Flyball, 7LS, EV 94.4 MPH) Chris Ringwood scores Sean Cook to third
|
|
Pinch Hitting: RHB Billy Walker
|
0-0: Ball Nelle van den Berg steals 2nd base 1-0: DOUBLE (Line Drive, 78XD, EV 106.2 MPH) Sean Cook scores Nelle van den Berg scores
|
|
Pitching: LHP Bill Ogren
|
|
|
Pinch Hitting: SHB Luke Robbins
|
0-0: Ground out 5-3 (Groundball, 56S, EV 69.4 MPH) Billy Walker to third
|
|
Batting: SHB Billy Encinias
|
0-0: Fly out, F4 (Line Drive, 4M, EV 61.2 MPH)
|
|
Batting: RHB Jordan Fairburn
|
0-0: Ball 1-0: Foul Ball, location: 2F 1-1: DOUBLE (Flyball, 78XD, EV 102.5 MPH) Billy Walker scores
|
|
Batting: SHB Jason Larson
|
0-0: Called Strike 0-1: Ball 1-1: Ball 2-1: Foul Ball, location: 2F 2-2: Strikes out swinging
|
| Top of the 4th over - 4 runs, 5 hits, 0 errors, 1 left on base; New York 11 - Colorado 5 |
| BOTTOM OF THE 4TH |
|
Colorado Rockies batting - Pitching for New York Mets : RHP Marc Maniu
|
|
Now at 1B: Billy Walker
|
|
|
Now at 2B: Luke Robbins
|
|
|
Now at 3B: Roberto Magne
|
|
|
Now in LF: Chris Ringwood
|
|
|
Batting: SHB Andy Vivas
|
0-0: Called Strike 0-1: Ball 1-1: Ball 2-1: Foul Ball, location: 2F 2-2: Ball 3-2: Base on Balls
|
|
Batting: LHB Andy Bowman
|
0-0: Swinging Strike 0-1: Ball 1-1: Foul Ball, location: 2F 1-2: Foul Ball, location: 2F 1-2: Ball 2-2: Foul Ball, location: 2F 2-2: Ball 3-2: Foul Ball, location: 2F 3-2: Foul Ball, location: 2F 3-2: Foul Ball, location: 2F 3-2: Base on Balls Andy Vivas to second
|
|
Pinch Hitting: RHB Eduardo Camacho
|
0-0: Ball 1-0: Swinging Strike 1-1: Called Strike 1-2: Ball 2-2: Strikes out swinging
|
|
Batting: SHB Jerry Luckwell
|
0-0: Foul Ball, location: 2F 0-1: Foul Ball, location: 2F 0-2: SINGLE (Groundball, 25, EV 70.6 MPH) (infield hit) Andy Vivas to third Andy Bowman to second
|
|
Batting: LHB Shawn Morrison
|
0-0: Ball 1-0: Swinging Strike 1-1: Grounds into double play, 6-4-3 (Groundball, 56, EV 100.6 MPH)
|
| Bottom of the 4th over - 0 runs, 1 hit, 0 errors, 2 left on base; New York 11 - Colorado 5 |
| TOP OF THE 5TH |
|
New York Mets batting - Pitching for Colorado Rockies : LHP Bill Ogren
|
|
Pitching: LHP Parker Martinet
|
|
|
Now at 1B: Eduardo Camacho
|
|
|
Now at 3B: Justin Williams
|
|
|
Now in LF: Greg Valenzuela
|
|
|
Batting: SHB Roberto Magne
|
0-0: Ball 1-0: Foul Ball, location: 2F 1-1: Foul Ball, location: 2F 1-2: Foul Ball, location: 2F 1-2: Ball 2-2: Strikes out looking
|
|
Batting: LHB Chris Ringwood
|
0-0: Called Strike 0-1: Ball 1-1: Ball 2-1: Foul Ball, location: 2F 2-2: SINGLE (Line Drive, 8LS, EV 98.1 MPH)
|
|
Batting: SHB Sean Cook
|
0-0: Called Strike 0-1: Foul Ball, location: 2F 0-2: Foul Ball, location: 2F 0-2: SINGLE (Groundball, 4, EV 93.8 MPH) Chris Ringwood to second Runner from 2nd tries for 3rd, SAFE, throw by CF made to third
|
|
Batting: SHB Nelle van den Berg
|
0-0: Ball 1-0: Called Strike 1-1: Ball 2-1: Foul Ball, location: 2F 2-2: SINGLE (Flyball, 6D, EV 88.8 MPH) Chris Ringwood scores Sean Cook to second
|
|
Pitching: RHP Jim Butler
|
|
|
Batting: RHB Billy Walker
|
0-0: Called Strike 0-1: Called Strike 0-2: Ball 1-2: Fly out, F7 (Flyball, 7, EV 88.8 MPH)
|
|
Batting: SHB Luke Robbins
|
0-0: Ball 1-0: Foul Ball, location: 2F 1-1: Ball 2-1: Foul Ball, location: 2F 2-2: Foul Ball, location: 2F 2-2: Foul Ball, location: 2F 2-2: Ball 3-2: Base on Balls Sean Cook to third Nelle van den Berg to second
|
|
Batting: SHB Billy Encinias
|
0-0: Called Strike 0-1: Swinging Strike 0-2: Ball Wild Pitch! Sean Cook scores Nelle van den Berg to third Luke Robbins to second 1-2: Strikes out swinging
|
| Top of the 5th over - 2 runs, 3 hits, 0 errors, 2 left on base; New York 13 - Colorado 5 |
| BOTTOM OF THE 5TH |
|
Colorado Rockies batting - Pitching for New York Mets : RHP Marc Maniu
|
|
Now at C: Mike Phillips
|
|
|
Batting: LHB Greg Valenzuela
|
0-0: Called Strike 0-1: Swinging Strike 0-2: Foul Ball, location: 2F 0-2: Strikes out swinging
|
|
Batting: RHB Justin Williams
|
0-0: Called Strike 0-1: Called Strike 0-2: SINGLE (Line Drive, 8RS, EV 110.6 MPH)
|
|
Pinch Hitting: LHB Michael Krott
|
0-0: Called Strike 0-1: Fly out, F7 (Flyball, 7D, EV 98.8 MPH)
|
|
Batting: LHB Kyle Schaible
|
0-0: Foul Ball, location: 2F 0-1: Ball 1-1: Swinging Strike 1-2: SINGLE (Line Drive, 9S, EV 88.1 MPH) Justin Williams to second
|
|
Batting: SHB Jon Munoz
|
0-0: Ball 1-0: Called Strike 1-1: Fly out, F8 (Flyball, 8LD, EV 100.0 MPH)
|
| Bottom of the 5th over - 0 runs, 2 hits, 0 errors, 2 left on base; New York 13 - Colorado 5 |
| TOP OF THE 6TH |
|
New York Mets batting - Pitching for Colorado Rockies : RHP Jim Butler
|
|
Now in CF: Andy Bowman
|
|
|
Now in RF: Michael Krott
|
|
|
Batting: RHB Jordan Fairburn
|
0-0: Ball 1-0: Foul Ball, location: 2F 1-1: Called Strike 1-2: Ball 2-2: Strikes out looking
|
|
Batting: SHB Jason Larson
|
0-0: Foul Ball, location: 2F 0-1: Foul Ball, location: 2F 0-2: Ground out 1-3 (Groundball, 13S, EV 63.8 MPH)
|
|
Batting: SHB Roberto Magne
|
0-0: Ball 1-0: Ball 2-0: Called Strike 2-1: Foul Ball, location: 2F 2-2: Strikes out swinging
|
| Top of the 6th over - 0 runs, 0 hits, 0 errors, 0 left on base; New York 13 - Colorado 5 |
| BOTTOM OF THE 6TH |
|
Colorado Rockies batting - Pitching for New York Mets : RHP Marc Maniu
|
|
Pitching: RHP Hugo Valentin
|
|
|
Batting: LHB Andy Bowman
|
0-0: DOUBLE (Line Drive, 78D, EV 112.5 MPH)
|
|
Batting: RHB Eduardo Camacho
|
0-0: Ball 1-0: Ground out U3 (Groundball, 3L, EV 104.4 MPH) Andy Bowman to third
|
|
Batting: SHB Jerry Luckwell
|
0-0: Ball 1-0: SINGLE (Groundball, 4M, EV 98.8 MPH) (infield hit) Andy Bowman scores
|
|
Batting: LHB Shawn Morrison
|
0-0: Foul Ball, location: 2F 0-1: Foul Ball, location: 2F 0-2: Strikes out swinging
|
|
Batting: LHB Greg Valenzuela
|
0-0: Ball 1-0: SINGLE (Line Drive, 8LS, EV 95.0 MPH) Jerry Luckwell to second Runner from 2nd tries for 3rd, SAFE after rundown.
|
|
Batting: RHB Justin Williams
|
0-0: Ball Greg Valenzuela steals 2nd base (no throw) 1-0: Fly out, F8 (Flyball, 8RM, EV 84.4 MPH)
|
| Bottom of the 6th over - 1 run, 3 hits, 0 errors, 2 left on base; New York 13 - Colorado 6 |
| TOP OF THE 7TH |
|
New York Mets batting - Pitching for Colorado Rockies : RHP Jim Butler
|
|
Pitching: RHP Jaden Mackey
|
|
|
Batting: LHB Chris Ringwood
|
0-0: Ball 1-0: Ground out 5-3 (Groundball, 56, EV 102.5 MPH)
|
|
Batting: SHB Sean Cook
|
0-0: Ball 1-0: Called Strike 1-1: Fly out, F7 (Line Drive, 78M, EV 95.6 MPH)
|
|
Batting: SHB Nelle van den Berg
|
0-0: Ball 1-0: Ball 2-0: Fly out, F7 (Flyball, 7, EV 81.2 MPH)
|
| Top of the 7th over - 0 runs, 0 hits, 0 errors, 0 left on base; New York 13 - Colorado 6 |
| BOTTOM OF THE 7TH |
|
Colorado Rockies batting - Pitching for New York Mets : RHP Hugo Valentin
|
|
Batting: LHB Michael Krott
|
0-0: Fly out, F7 (Flyball, 78M, EV 88.1 MPH)
|
|
Batting: LHB Kyle Schaible
|
0-0: Ball 1-0: Called Strike 1-1: Called Strike 1-2: Strikes out looking
|
|
Batting: SHB Jon Munoz
|
0-0: Called Strike 0-1: Ball 1-1: Ball 2-1: Called Strike 2-2: Strikes out swinging
|
| Bottom of the 7th over - 0 runs, 0 hits, 0 errors, 0 left on base; New York 13 - Colorado 6 |
| TOP OF THE 8TH |
|
New York Mets batting - Pitching for Colorado Rockies : RHP Jaden Mackey
|
|
Pinch Hitting: RHB Jeff Jank
|
0-0: Ground out 6-3 (Groundball, 6, EV 104.4 MPH)
|
|
Batting: SHB Luke Robbins
|
0-0: Foul Ball, location: 2F 0-1: Swinging Strike 0-2: Ball 1-2: Foul Ball, location: 2F 1-2: Fly out, F7 (Line Drive, 78D, EV 92.5 MPH)
|
|
Batting: RHB Mike Phillips
|
0-0: Called Strike 0-1: Foul Ball, location: 2F 0-2: Fly out, F8 (Flyball, 8LM, EV 85.0 MPH)
|
| Top of the 8th over - 0 runs, 0 hits, 0 errors, 0 left on base; New York 13 - Colorado 6 |
| BOTTOM OF THE 8TH |
|
Colorado Rockies batting - Pitching for New York Mets : RHP Hugo Valentin
|
|
Pitching: RHP Brian Wood
|
|
|
Now at 1B: Jeff Jank
|
|
|
Batting: LHB Andy Bowman
|
0-0: Called Strike 0-1: Ball 1-1: Swinging Strike 1-2: Ball 2-2: Ball 3-2: Strikes out swinging
|
|
Batting: RHB Eduardo Camacho
|
0-0: Ball 1-0: Ground out 5-3 (Groundball, 56, EV 103.1 MPH)
|
|
Batting: SHB Jerry Luckwell
|
0-0: Ground out U3 (Groundball, 34, EV 81.2 MPH)
|
| Bottom of the 8th over - 0 runs, 0 hits, 0 errors, 0 left on base; New York 13 - Colorado 6 |
| TOP OF THE 9TH |
|
New York Mets batting - Pitching for Colorado Rockies : RHP Jaden Mackey
|
|
Pitching: RHP Tony Campos
|
|
|
Batting: LHB Fabiano Perrolas
|
0-0: Called Strike 0-1: Fly out, F8 (Flyball, 78S, EV 97.5 MPH)
|
|
Batting: SHB Jason Larson
|
0-0: Ball 1-0: Ball 2-0: Foul Ball, location: 2F 2-1: Ball 3-1: Base on Balls
|
|
Batting: SHB Roberto Magne
|
0-0: Foul Ball, location: 2F 0-1: Ball 1-1: Called Strike 1-2: Strikes out swinging
|
|
Batting: LHB Chris Ringwood
|
0-0: Foul Ball, location: 2F 0-1: Foul Ball, location: 2F 0-2: Ball Jason Larson steals 2nd base (no throw) 1-2: SINGLE (Groundball, 56D, EV 106.2 MPH) Jason Larson to third Runner from 3rd tries for Home, SAFE, throw by LF to home
|
|
Batting: SHB Sean Cook
|
0-0: Foul Ball, location: 2F 0-1: Foul Ball, location: 2F 0-2: Ball 1-2: Ball 2-2: Foul Ball, location: 2F 2-2: Ball 3-2: Ground out 4-3 (Groundball, 4, EV 115.6 MPH)
|
| Top of the 9th over - 1 run, 1 hit, 0 errors, 1 left on base; New York 14 - Colorado 6 |
| BOTTOM OF THE 9TH |
|
Colorado Rockies batting - Pitching for New York Mets : RHP Brian Wood
|
|
Pitching: RHP Billy McIntyre
|
|
|
Batting: LHB Shawn Morrison
|
0-0: Ball 1-0: Ball 2-0: Foul Ball, location: 2F 2-1: Called Strike 2-2: Foul Ball, location: 2F 2-2: Hit by Pitch
|
|
Batting: LHB Greg Valenzuela
|
0-0: Ball 1-0: Ball 2-0: Ball 3-0: Called Strike 3-1: Grounds into double play, 4-6-3 (Groundball, 4, EV 86.9 MPH)
|
|
Batting: RHB Justin Williams
|
0-0: Ball 1-0: Fly out, F8 (Flyball, 8LM, EV 85.0 MPH)
|
| Bottom of the 9th over - 0 runs, 0 hits, 0 errors, 0 left on base; New York 14 - Colorado 6 |
|